← All builds
Geo / Cortex / Economy first / OBSERVED BUILD

Standard geo

Cortex Geo build order · Supreme Isthmus

Standard Cortex Geo play: fast geothermal and advanced geothermal into T2 bot lab, blowing up the commander for T2 and supplying teammates with constructors and rez bots while bringing Sheldons and other T2 bots to front.

Usually blows up the commander for T2 (71%)

#eco #t2 #team support · 248 distinct matches · 92 players · 32% of Cortex Geo games · team won 44% of 254 · Recently observed

THE CATCH, AND WHAT COMES WITH IT
  • ArbiterArbiter in 41%18% of all Geo games by then
  • SumoSumo in 40%16% of all Geo games by then

Then transitions into Sheldon (25% of army), Sumo (9% of army).

HOW TO PLAY IT

Key timing: T2 bot lab by 8:03

  1. Open 3 mex into early Bot Lab and solar.
  2. Bring geothermal online fast to fund the tech rush.
  3. Finish Advanced Bot Lab to unlock T2 bot units.
  4. Push Sheldon (and Arbiter, Sumo) to front as the first T2 units.
  5. Switch into T2 construction bots to supply allies with T2 cons.

Phase by phase

TYPICAL OF ITS 248 GAMES · AGAINST STANDARD GEO
  1. 1
  2. 2
  3. 3
  4. 4
PLAY THE OPENING

Follow the example game's first 6:00 step by step: what to build now, what comes next, and where it goes. At 1× it keeps pace with your own game.

  1. 1

    Up to the Bot Lab

    Economy
    • Metal Extractor3Mex
    • Wind Turbine4Wind
    Order
    1. Bot LabBot Lab after 3 mex, 4 winddone ~1:13, middle half 0:57–1:23

    By 0:56 in all: 3 mex · 4 wind

    The example game in this phase · 4 steps
    1. Mex ×3
    2. Wind ×4
    3. Mex ×2
    4. Bot LabBot Labdone 2:21 · typical 1:13
  2. 2

    Bot Lab to 5:00

    Economy
    • Metal Extractor1Mex
    • Wind Turbine4Wind−4 vs standard
    • Energy Converter8Converter
    • Energy Storage1Energy storage
    Order
    1. Geothermal PowerplantGeo after 4 mex, 6 wind, 1 energy storage
    2. Bot LabEat Bot Lab
    Builders
    • Construction Turret5 Con turret +3 vs standard
    • Graverobber4 Graverobber
    • Construction Bot2 Con bot
    • Construction Bot1 Con bot for allies
    • Graverobber1 Graverobber for allies

    By 5:00 in all: 4 mex · 7 wind (standard 10) · 1 geo · 8 converter · 1 energy storage · 5 con turret (standard 2)

    The example game in this phase · 14 steps
    1. GraverobberGraverobberfor Beach sea
    2. Construction BotCon botfor Beach sea
    3. Wind ×2
    4. GraverobberGraverobber
    5. Wind
    6. GraverobberGraverobber ×2
    7. Wind
    8. Construction BotCon bot
    9. GraverobberGraverobber
    10. Geothermal PowerplantGeodone 4:21 · typical 3:25
    11. Con turret
    12. Bot LabEat Bot Labreclaimed for its metal
    13. Con turret ×2
    14. Advanced Metal ExtractorT2 mexdone 5:11 · typical 5:38
  3. 3

    5:00 to Advanced Bot Lab

    Economy
    • Wind Turbine3Wind
    • Energy Converter2Converter
    Order
    1. Advanced Geothermal PowerplantAdvanced Geothermal Powerplant after 9 wind, 12 converter, 6 con turretin 61% of games
    2. Advanced Bot LabAdvanced Bot Lab after 13 wind, 12 converter, 6 con turretdone ~7:55, middle half 7:31–8:28

    Some games also: con turret (50%)

    By 7:15 in all: 4 mex · 12 wind · 1 geo · 1 Advanced Geothermal Powerplant · 12 converter (standard 8) · 1 energy storage

    The example game in this phase · 6 steps
    1. Con turret
    2. Advanced Metal ExtractorT2 mex ×3
    3. Con turret
    4. Advanced Geothermal PowerplantAdvanced Geothermal Powerplantdone 7:47 · typical 7:17
    5. Wind ×5
    6. Advanced Bot LabAdvanced Bot Labdone 8:13 · typical 7:55
  4. 4

    Advanced Bot Lab to 10:00

    Economy
    • Energy Converter3Converter+3 vs standard
    Army
    • Sheldon3 Sheldon +3 vs standard
    • Augur1 Radar bot

    Some games also: jammer bot (49%) · T2 con bot for allies (46%) · wind (38%) · con turret (35%) · crawling bomb (33%)

    By 10:00 in all: 4 mex · 17 wind · 1 geo · 1 Advanced Geothermal Powerplant · 16 converter (standard 10) · 1 energy storage

    The example game in this phase · 61 steps
    1. Advanced Construction BotT2 con botfor Front
    2. Converter ×2
    3. DeceiverJammer bot
    4. Converter
    5. SpectreSpectre
    6. Converter
    7. Dragon's TeethDragon's Teeth ×3
    8. SkuttleCrawling bombdone 9:02
    9. Dragon's TeethDragon's Teeth
    10. Converter
    11. Dragon's TeethDragon's Teeth ×2
    12. Converter
    13. Dragon's TeethDragon's Teeth ×2
    14. SheldonSheldondone 9:11 · typical 8:42
    15. Converter ×2
    16. SheldonSheldon
    17. Converter
    18. SheldonSheldon
    19. Converter
    20. SheldonSheldon
    21. Converter
    22. SheldonSheldon
    23. Converter
    24. SheldonSheldon
    25. Converter ×2
    26. SheldonSheldon
    27. Converter
    28. SheldonSheldon
    29. SumoSumo ×3for Suicide frontdone 10:06
    30. JunoJuno
    31. ArbiterArbiter ×3done 10:52
    32. Wind
    33. SumoSumo
    34. Wind ×2
    35. SumoSumo
    36. Wind ×2
    37. SumoSumo
    38. Wind ×2
    39. ArbiterArbiter
    40. Wind ×3
    41. ArbiterArbiter
    42. Wind ×2
    43. ArbiterArbiter
    44. ManticoreManticoredone 13:00
    45. Wind ×2
    46. SpectreSpectre
    47. Wind
    48. ArbiterArbiter
    49. Wind
    50. ArbiterArbiter
    51. Wind ×3
    52. SumoSumo
    53. Wind
    54. SumoSumo
    55. Wind ×2
    56. SumoSumo
    57. Wind
    58. SumoSumo
    59. Wind
    60. SumoSumo ×6
    61. Radar TowerRadar Tower

Counts are medians over the build's games: half of them build more, half fewer. The example game is _Hawkey_'s (62 OS, 02/10/2026); pick another.

Team trades

IN AT LEAST 30% OF ITS GAMES

You hand over

  • Graverobber1 Graverobber to Beach seafirst at 2:20 · in 79% of games
  • Construction Bot1 Con bot to Beach seafirst at 2:36 · in 88% of games
  • Advanced Construction Bot1 T2 con bot to Suicide front or Frontfirst at 8:40 · in 55% of games

You get

  • Advanced Construction Bot1 T2 con bot from Techfirst at 4:55 · in 93% of games

How it plays out

Typical game of this build, running totals by minute

Metal produced

020k40k
0:005:0010:0015:00

metal

Enemy metal destroyed

05k10k
0:005:0010:0015:00

metal

Own metal lost

02k4k6k
0:005:0010:0015:00

metal

254 games.

Show as table
ByMetal produced: This buildEnemy metal destroyed: This buildOwn metal lost: This build
1:0034200
2:0087000
3:00150100
4:00266400
5:00369500
6:00558600
7:00789100
8:001096100
9:00138762143
10:0016784305185
11:00196101109753
12:002268822411443
13:002559740782394
14:002841358564234
15:003135179125625
WHAT THE NUMBERS SAY

Standard geo play wins less than half its games but builds a big eco lead, reaching nearly 31.5k metal production by 15:00.

  • + Metal production hits 16919 by 10:00, well ahead of most roles.
  • + Own metal lost stays near zero (260) by 10:00, a very safe tech rush.
  • − Team wins under half of games (46%).
  • − Enemy metal destroyed stays low (423) by 10:00, showing slow early impact.
THE EXAMPLE YOU ARE READING

_Hawkey_

61.9 OS · 02/10/2026

Open source match ↗

2 received units · includes a constructor
3110 metal received · 12385 energy received

Allied construction assistance is unknown. Timings are observations, not a promise of solo reproducibility.

Typical milestones

Bot Lab1:13Middle 50%: 0:57–1:23 · n=253
Geothermal Powerplant3:25Middle 50%: 3:09–3:44 · n=253
Advanced Metal Extractor5:38Middle 50%: 5:20–6:04 · n=235
Advanced Geothermal Powerplant7:17Middle 50%: 6:53–7:46 · n=171
Advanced Bot Lab7:55Middle 50%: 7:31–8:28 · n=199
Sheldon8:42Middle 50%: 8:04–9:17 · n=169

Played most by

_Hawkey_20games of this buildzeus_on_god13games of this buildRogShotz12games of this buildGodmother139games of this buildViltrum9games of this build